Map: Dusk Towers

Players

Antifusion

  • Race: Terran Terran

Thunderbolt

  • Race: Terran Terran
  • League: Master

Ikaruga

  • Race: Terran Terran
  • League: Diamond

Stryder

  • Race: Terran Terran
  • League: Diamond

VOD

Have the link to the VOD?

Description

Time

  • Played on: May 13, 2016, 7:20 a.m.
  • Length: 16:01
Show
View Real Time Build Order
Export as new Build Order

Antifusion Terran 

Build Orders: Mech 

Get SALT Encoding   

  12  0:00  SCV  
  13  0:12  SCV  
  14  0:17  Supply Depot  
  14  0:25  SCV  
  15  0:39  SCV  
  15  0:40  Barracks  
  16  0:45  Refinery  
  16  0:51  SCV  
  17  1:03  SCV  
  18  1:16  SCV  
  19  1:32  Orbital Command  
  19  1:48  Marine  
  19  1:49  Command Center  
  19  2:04  Supply Depot  
  19  2:06  SCV  
  20  2:12  Factory  
  20  2:14  Barracks Reactor  
  20  2:20  SCV  
  20  2:32  SCV  
  21  2:44  SCV  
  22  2:56  Marine x2, SCV  
  22  2:57  Factory Tech Lab  
  25  3:07  Starport  
  25  3:08  Refinery, SCV  
  25  3:12  Orbital Command  
  26  3:16  Marine x2  
  28  3:21  SCV  
  29  3:29  Refinery  
  29  3:33  SCV  
  30  3:35  Siege Tank  
  30  3:36  Marine x2  
  35  3:42  SCV  
  35  3:45  SCV  
  37  3:48  Viking  
  37  3:53  Supply Depot  
  37  3:55  Marine, SCV  
  41  3:57  SCV  
  42  4:07  Engineering Bay, SCV  
  43  4:10  Siege Tank  
  43  4:15  SCV  
  47  4:19  SCV  
  47  4:21  Viking  
  50  4:27  SCV  
  50  4:31  SCV  
  52  4:39  Missile Turret, SCV  
  52  4:43  SCV  
  54  4:48  Supply Depot  
  54  4:49  Missile Turret  
  54  4:54  Siege Tank, SCV  
  58  5:02  SCV  
  58  5:06  Starport Reactor  
  59  5:07  SCV  
  59  5:08  Factory  
  59  5:11  Refinery  
  59  5:13  Barracks Reactor  
  60  5:14  SCV  
  60  5:17  Supply Depot, Factory  
  60  5:20  SCV  
  62  5:27  SCV  
  63  5:32  SCV  
  64  5:36  Hellion  
  64  5:37  Infernal Pre-Igniter  
  64  5:42  Supply Depot, SCV  
  67  5:46  SCV  
  68  5:53  Supply Depot  
  68  5:57  Hellion x2  
  72  5:58  Medivac  
  72  5:59  Medivac  
  72  6:01  SCV  
  77  6:07  Armory, SCV  
  77  6:09  Supply Depot  
  78  6:11  Hellion  
  78  6:16  Hellion  
  78  6:17  Hellion  
  84  6:26  Hellion  
  84  6:27  Hellion  
  84  6:28  Medivac  
  84  6:29  Medivac  
  92  6:34  Hellion  
  92  6:38  Siege Tank  
  97  6:40  Hellion  
  97  6:43  Supply Depot  
  97  6:46  Supply Depot  
  99  6:48  Hellion  
  101  6:56  Supply Depot  
  101  7:04  Medivac  
  101  7:05  Hellion x3  
  101  7:08  Medivac  
  111  7:10  Hellion  
  111  7:13  Siege Tank  
  116  7:26  Hellion x2  
  116  7:27  Hellion  
  122  7:33  Supply Depot  
  122  7:34  Hellion, Medivac  
  126  7:38  Medivac  
  128  7:48  Siege Tank  
  128  7:49  Hellion x2  
  128  7:50  Hellion  
  137  7:57  Hellion  
  137  7:58  Supply Depot  
  139  8:07  Medivac  
  139  8:08  Medivac  
  141  8:16  Hellion x2  
  141  8:17  Hellion  
  147  8:22  Supply Depot  
  147  8:37  Medivac  
  147  8:38  Supply Depot, Siege Tank  
  147  8:39  Hellion x2  
  156  8:46  Hellion x5  
  156  8:49  Hellion x2  
  156  8:50  Medivac  
  162  9:02  Hellion x2  
  154  9:11  Siege Tank  
  155  9:21  Hellion x2  
  155  9:22  Viking x2  
  163  9:25  Hellion  
  163  9:29  Supply Depot  
  151  9:43  Hellion x3  
  146  9:56  Siege Tank, Hellion  
  147  10:05  Hellion  
  147  10:06  Viking x2  
  145  10:20  Widow Mine x3  
  147  10:25  Widow Mine  
  142  10:29  Orbital Command  
  132  10:36  Viking x2  
  118  10:44  Widow Mine  
  102  10:52  Widow Mine x3  
  100  10:57  Widow Mine  
  93  11:08  Factory  
  85  11:14  Starport  
  83  11:21  Widow Mine  
  83  11:22  Viking x2  
  83  11:23  Widow Mine x2  
  93  11:28  Missile Turret  
  93  11:29  Widow Mine  
  93  11:31  Missile Turret  
  88  11:34  Siege Tank  
  89  11:43  Terran Vehicle And Ship Armor Level 1  
  89  11:45  SCV  
  88  11:52  Starport Reactor  
  88  11:53  Factory Tech Lab  
  88  11:54  SCV  
  87  11:58  Widow Mine x4  
  95  12:04  Command Center  
  95  12:05  Refinery x2, SCV  
  95  12:06  SCV  
  97  12:11  Hellion  
  97  12:12  Hellion  
  101  12:17  SCV  
  101  12:33  Hellion x3  
  101  12:34  Hellion  
  101  12:36  Viking x2  
  118  12:47  Siege Tank  
  118  12:49  Siege Tank  
  119  12:52  Refinery  
  119  12:53  SCV x2  
  119  12:56  Refinery  
  119  12:57  Viking  
  123  13:00  Viking  
  123  13:01  Hellion x2  
  123  13:05  SCV  
  128  13:08  Hellion x2  
  128  13:11  Viking  
  128  13:17  Orbital Command  
  128  13:19  Missile Turret  
  106  13:36  Siege Tank x2  
  106  13:37  Hellion  
  98  13:56  SCV x2  
  98  13:59  Hellion x2  
  98  14:11  Widow Mine x2  
  102  14:21  Viking  
  94  14:31  Viking  
  94  14:33  Siege Tank  
  94  14:35  SCV  
  98  14:41  Widow Mine x2  
  98  14:43  SCV  
  99  14:57  Siege Tank  
  99  14:58  Hellion x2  
Show
View Real Time Build Order
Export as new Build Order

Thunderbolt Terran 

Build Orders: Bio Tank 

Get SALT Encoding   

  12  0:02  SCV  
  13  0:14  SCV  
  13  0:19  Supply Depot  
  14  0:26  SCV  
  15  0:30  Refinery  
  15  0:40  SCV  
  16  0:46  Barracks  
  16  0:53  SCV  
  17  1:05  SCV  
  18  1:17  SCV  
  20  1:37  Marine, Orbital Command  
  20  1:54  Command Center  
  20  2:03  Factory  
  20  2:11  Supply Depot  
  20  2:12  Marine  
  21  2:17  SCV  
  22  2:29  SCV  
  23  2:33  Marine  
  24  2:41  SCV  
  25  2:46  Refinery  
  25  2:48  Hellion  
  27  2:52  Starport  
  27  2:53  SCV  
  27  2:54  Marine  
  29  3:03  Supply Depot  
  30  3:05  SCV  
  30  3:14  Orbital Command  
  30  3:17  SCV  
  30  3:19  Hellion  
  33  3:29  SCV  
  33  3:31  Barracks Reactor  
  34  3:46  Command Center  
  34  3:49  SCV  
  34  3:50  SCV  
  34  3:53  Factory Tech Lab  
  36  4:01  SCV  
  36  4:02  Viking  
  39  4:05  SCV  
  40  4:11  Marine  
  41  4:18  Bunker  
  41  4:19  Siege Tank  
  41  4:21  SCV  
  45  4:24  SCV  
  45  4:31  Marine x2  
  46  4:33  SCV  
  46  4:36  Supply Depot, SCV  
  50  4:41  Supply Depot  
  50  4:45  SCV  
  50  4:51  Supply Depot, Siege Tank  
  54  4:57  Marine x2  
  54  4:58  SCV x2  
  58  5:02  Orbital Command  
  58  5:06  Viking  
  60  5:10  SCV x2  
  62  5:15  Supply Depot  
  62  5:19  Supply Depot  
  62  5:20  Marine x2  
  64  5:22  SCV x2  
  66  5:34  SCV x2  
  68  5:38  Starport Reactor  
  68  5:39  SCV  
  68  5:40  Barracks x2  
  69  5:44  Engineering Bay  
  69  5:46  Engineering Bay, SCV  
  69  5:47  SCV  
  71  5:51  SCV  
  71  5:52  Marine x2  
  71  5:54  Factory Reactor  
  74  5:58  SCV  
  74  5:59  Refinery, SCV  
  74  6:03  SCV  
  77  6:10  Terran Infantry Weapons Level 1, Marine  
  78  6:13  Refinery x2  
  78  6:18  Missile Turret  
  78  6:19  SCV x2  
  78  6:20  SCV  
  78  6:22  Missile Turret, Terran Infantry Armor Level 1  
  78  6:25  Medivac x2  
  85  6:31  SCV  
  85  6:32  Supply Depot, SCV x2  
  88  6:34  Supply Depot  
  88  6:38  Stimpack  
  88  6:42  Factory Tech Lab  
  88  6:43  SCV  
  88  6:45  Marine  
  88  6:46  Marine  
  91  6:47  Barracks, Marine  
  91  6:48  Barracks  
  91  6:49  Barracks  
  91  6:50  SCV x2  
  94  6:56  Supply Depot, SCV  
  94  6:58  Supply Depot  
  94  7:01  Supply Depot, Siege Tank  
  98  7:02  SCV  
  99  7:09  Missile Turret  
  99  7:11  Missile Turret  
  99  7:14  Missile Turret  
  99  7:15  Marine x3  
  99  7:16  Marine x2  
  99  7:18  SCV  
  99  7:19  Sensor Tower, SCV  
  106  7:23  SCV  
  106  7:25  Armory  
  106  7:29  Refinery  
  107  7:33  Siege Tank, Marine x4  
  107  7:36  Barracks Reactor x3  
  114  7:38  SCV x3  
  113  7:46  Starport x2  
  113  7:52  Marine  
  113  7:53  Marine  
  113  7:56  Medivac  
  117  8:02  Command Center  
  117  8:03  Marine x2  
  117  8:05  Siege Tank  
  122  8:15  Marine x2  
  122  8:16  Marine x4  
  122  8:17  Command Center  
  128  8:24  Marine  
  128  8:25  Marine  
  128  8:26  Starport Tech Lab  
  130  8:27  Starport Reactor  
  130  8:30  Fusion Core  
  130  8:31  Terran Infantry Weapons Level 2  
  130  8:38  Combat Shields  
  130  8:44  Siege Tank  
  130  8:45  Viking x2  
  130  8:46  Marine x3  
  130  8:47  Liberator  
  140  8:50  Marine x4  
  140  8:51  Marine x3  
  144  8:59  Marine  
  142  9:04  Marine x3  
  142  9:08  Marine x4  
  133  9:15  Marine x3  
  118  9:17  Marine  
  118  9:23  Viking x3  
  128  9:24  Siege Tank  
  128  9:27  Marine x2  
  128  9:28  Marine x2  
  128  9:31  Marine x2  
  130  9:32  Marine  
  129  9:39  Marine x2  
  129  9:44  Marine x2  
  129  9:45  Marine x2  
  103  9:49  Marine x2  
  103  9:50  Marine  
  92  9:56  Siege Tank  
  92  9:59  Marine x4  
  96  10:02  Marine  
  96  10:03  Marine  
  90  10:08  Marine  
  90  10:09  Marine x2  
  90  10:13  Marine  
  89  10:17  Marine  
  89  10:21  Marine x4  
  86  10:23  Marine  
  60  10:31  Marine x2  
  56  10:38  Marine x2  
  56  10:40  Marine  
  56  10:42  Liberator  
  47  11:10  Marine x4  
  47  11:11  Marine  
  49  11:48  Command Center  
  49  11:52  Marine x2  
  46  11:58  Marine  
  47  12:08  Marine  
  49  12:12  Siege Tank  
  49  12:13  Marine  
  49  12:15  Marine x3  
  52  12:20  Marine x2  
  52  12:21  SCV  
  52  12:22  SCV  
  57  12:33  SCV  
  57  12:34  SCV  
  59  12:37  Advanced Ballistics  
  59  12:44  Siege Tank  
  59  12:45  Marine, SCV  
  59  12:46  SCV  
  59  12:48  Liberator  
  65  12:56  Raven  
  65  12:57  SCV  
  68  12:59  Marine x4  
  68  13:00  Marine x2  
  68  13:01  Orbital Command  
  62  13:17  Siege Tank  
  53  13:28  Marine x2  
  53  13:29  Marine x2  
  50  13:42  Viking x3  
  50  13:43  Marine x2  
  52  14:03  Siege Tank  
  52  14:04  Marine  
  47  14:28  Marine x3  
Show
View Real Time Build Order
Export as new Build Order

Ikaruga Terran 

Build Orders:  

Get SALT Encoding   

Show
View Real Time Build Order
Export as new Build Order

Stryder Terran 

Build Orders:  

Get SALT Encoding   

Tags
 
Add a new tag
Caveats
  • Supply blocks, unpowered buildings, or Contaminate may cause inaccurate times.
  • Supply counts are checked every 10 seconds.